 Dungeon Crawl Stone Soup version 0.21.1-1-g345015f (webtiles) character file.

112 prawnwizard the Skirmisher (level 4, 0/37 HPs)
             Began as a Demonspawn Monk on July 7, 2018.
             Slain by a river rat (7 damage)
             ... in a sewer.
             The game lasted 00:04:49 (2799 turns).

prawnwizard the Skirmisher (Demonspawn Monk)        Turns: 2799, Time: 00:04:49

Health: 0/37       AC:  5    Str: 13    XL:     4   Next: 64%
Magic:  4/4        EV: 13    Int: 11    God:
Gold:   70         SH:  0    Dex: 15    Spells: 3/3 levels left

rFire    . . .     SeeInvis .   a - +0 hand axe
rCold    . . .     Gourm    .   (no shield)
rNeg     . . .     Faith    .   d - +0 leather armour
rPois    .         Spirit   .   (helmet restricted)
rElec    .         Reflect  .   l - +0 cloak
rCorr    .         Harm     .   q - +0 pair of gloves
MR       .....                  (no boots)
Stlth    ++........             p - amulet of magic regeneration
HPRegen  0.12/turn              (no ring)
MPRegen  0.34/turn              (no ring)

@: no status effects
A: horns 1
a: no special abilities


You were in a sewer.
You were not hungry.

You visited 1 branch of the dungeon, and saw 4 of its levels.
You also visited: Sewer.

You collected 70 gold pieces.

Inventory:

Hand Weapons
 a - a +0 hand axe (weapon)
Armour
 b - a +0 robe
 d - a +0 leather armour (worn)
 l - a +0 cloak (worn)
 q - a +0 pair of gloves (worn)
Jewellery
 p - an amulet of magic regeneration (around neck)
Scrolls
 f - a scroll of immolation
 i - 5 scrolls of identify
 k - a scroll of teleportation
Potions
 g - a potion of curing
 h - a potion of ambrosia {unknown}
 j - 2 potions of flight
 n - a potion of cancellation {unknown}
 o - a potion of degeneration {unknown}
 s - a potion of magic {unknown}
Comestibles
 c - 4 rations


   Skills:
 + Level 3.7 Fighting
 + Level 3.6 Axes
 + Level 1.4 Armour
 - Level 3.2 Dodging
 - Level 1.8 Stealth


You had 3 spell levels left.
You didn't know any spells.

Dungeon Overview and Level Annotations

Branches:
Dungeon (4/15)
 Temple: D:4-7

Altars:
Sif Muna
Trog

Annotations:
D:3 Sigmund


Innate Abilities, Weirdness & Mutations

You have a pair of small horns on your head.


Message History

The river rat twitches its whiskers.
The river rat barely misses you.
You hit the river rat.
The river rat is heavily wounded.
The river rat misses you. The river rat completely misses you.
You hit the river rat.
You headbutt the river rat, but do no damage.
The river rat is heavily wounded.
The river rat bites you but does no damage.
You hit the river rat but do no damage.
The river rat is heavily wounded.
The river rat bites you.
* * * LOW HITPOINT WARNING * * *
You hit the river rat but do no damage.
The river rat is heavily wounded.
The river rat closely misses you.
You hit the river rat.
The river rat is severely wounded.
The river rat bites you!
You die... ################### ≈≈≈≈≈....†.∩.∩..@r# ###################

You could see a river rat.

Vanquished Creatures
  A worker ant (D:4)
  4 adders
  An ooze (D:1)
  3 worms
  A dart slug (D:2)
  2 giant cockroaches
  5 hobgoblins
  A ball python (D:1)
  4 bats
  6 frilled lizards
  5 goblins
  4 kobolds
  11 rats
48 creatures vanquished.

Notes
Turn   | Place    | Note
-------+----------+-------------------------------------------
     0 | D:1      | prawnwizard the Demonspawn Monk began the quest for the Orb.
     0 | D:1      | Reached XP level 1. HP: 18/18 MP: 1/1
   157 | D:1      | Gained mutation: You have a pair of small horns on your head. [demonic ancestry]
   157 | D:1      | Reached XP level 2. HP: 12/24 MP: 2/2
  1178 | D:2      | Found a deep blue altar of Sif Muna.
  1178 | D:2      | Found a bloodstained altar of Trog.
  1245 | D:2      | Reached XP level 3. HP: 10/29 MP: 3/3
  1933 | D:2      | Reached skill level 1 in Armour
  2131 | D:3      | Reached XP level 4. HP: 8/35 MP: 4/4
  2379 | D:3      | Noticed Sigmund
  2728 | D:4      | Found a glowing drain.
  2765 | Sewer    | Entered a sewer
  2799 | Sewer    | Slain by a river rat

Skill      XL: |  1  2  3 |
---------------+----------+-----
Axes           | 3 |  3.6
Dodging        | 3 |  3.2
Armour         | 1 |  1.4
Fighting       | |  3.7
Stealth        | |  1.8

Action                   |  1- 3 |  4- 6 || total
-------------------------+-------+-------++-------
Melee: Hand axe          |   106 |    53 ||   159
       Headbutt          |    14 |    14 ||    28
  Use: Scroll            |       |     5 ||     5
       Potion            |       |     1 ||     1
 Stab: Sleeping          |     4 |     1 ||     5
  Eat: Chunk             |     3 |     3 ||     6
Armor: Robe              |     1 |       ||     1
       Leather armour    |    14 |    11 ||    25
Dodge: Dodged            |    66 |    26 ||    92
